[Event "7th Sharjah Masters 2024"]
[Site "Sharjah"]
[Date "2024.05.21"]
[Round "8.24"]
[White "Petrosyan, Manuel"]
[Black "Pranav Anand"]
[Result "1-0"]
[ECO "E05"]
[WhiteElo "2618"]
[BlackElo "2532"]
[Annotator "TA"]
[PlyCount "99"]
[EventDate "2024.05.13"]
[EventType "swiss"]
[EventCountry "UAE"]
[SourceTitle "playchess.com"]
[Source "ChessBase"]
[SourceQuality "1"]
[TimeControl "5400+30"]

1. Nf3 Nf6 2. g3 d5 3. Bg2 e6 4. O-O Be7 5. c4 O-O 6. d4 dxc4 7. Qc2 a6 8. a4 Bd7 9. Qxc4 Bc6 10. Bg5 Nbd7 11. Nc3 h6 12. Bxf6 Nxf6 13. Rfd1 Qd6 14. Qb3 {[%emt 0:02:36] The position is equal.} Rfd8 15. e3 Rac8 16. a5 Qb4 17. Qc2 Bf8 18. Ne5 Bxg2 19. Kxg2 Nd7 20. Nd3 {[%emt 0:04:19] Excellent horsemanship.} Qc4 21. Qa4 Qxa4 22. Nxa4 h5 23. b4 c6 24. Nac5 Rc7 25. f4 Re8 26. Kf3 f6 27. Ne4 {[%emt 0:06:34] White has more active pieces.} Be7 28. h3 Kf7 29. g4 Rh8 30. Rh1 Rcc8 31. Ndc5 Nxc5 32. bxc5 Rcd8 33. Rhb1 Rd7 (33... hxg4+ $16 {is a better defense.} 34. hxg4 Rh3+ 35. Ke2 Rh2+ 36. Kf3 Rh3+ 37. Ke2 Rb8) 34. Rb3 hxg4+ 35. hxg4 Ra8 (35... g5 $142 36. fxg5 fxg5) 36. Rab1 $18 Ra7 37. R3b2 Kg6 (37... Rc7 {might work better.} 38. Rh2 Ra8) 38. Nd2 Kf7 39. Nc4 Kg8 40. Ke4 Kf7 {[%emt 0:00:26] [#]} 41. g5 $1 Rc7 (41... Ke8 42. gxf6) 42. gxf6 gxf6 43. Nb6 Bf8 (43... f5+ $142 44. Ke5 Ra8) 44. Rh1 Bg7 45. f5 e5 46. dxe5 {[%emt 0:00:31] White mates.} fxe5 47. Rd2 Ke8 48. Rh7 Kf7 49. Rd8 Kf6 50. Rd6+ {[%emt 0:00:48] Weighted Error Value: White=0.11 (very precise) /Black=0.39.  Mistake:       	---       	Black=4      Inaccurate:     	White=1     	Black=3      OK:         	White=16    	Black=5} 1-0

[Event "7th Sharjah Masters 2024"]
[Site "Sharjah"]
[Date "2024.05.21"]
[Round "8.25"]
[White "Gholami Orimi, Mahdi"]
[Black "Theodorou, Nikolas"]
[Result "1-0"]
[ECO "E06"]
[WhiteElo "2470"]
[BlackElo "2617"]
[Annotator "TA"]
[PlyCount "151"]
[EventDate "2024.05.13"]
[EventType "swiss"]
[EventCountry "UAE"]
[SourceTitle "playchess.com"]
[Source "ChessBase"]
[SourceQuality "1"]
[TimeControl "5400+30"]

1. d4 Nf6 2. c4 e6 3. g3 d5 4. Bg2 Be7 5. Nf3 O-O 6. O-O a5 7. Qc2 Nc6 8. Bf4 Nb4 9. Qc1 dxc4 10. Na3 b6 11. Ne5 Nfd5 12. Naxc4 f6 13. Nf3 c5 14. a3 Nc6 15. dxc5 Bxc5 16. Rd1 Qe7 17. Bd2 b5 18. Ne3 Bb7 19. Nxd5 exd5 20. Qc3 Ne5 21. Be3 Nxf3+ 22. Bxf3 Bxe3 23. Qxe3 Qxe3 24. fxe3 Rac8 25. Kf2 Rfd8 26. Rac1 Kf8 27. Rxc8 Bxc8 28. Bxd5 Ke7 29. Rd4 Bd7 30. Be4 h6 31. Ke1 Rb8 32. Kd2 b4 33. axb4 axb4 34. Bd5 g5 35. e4 Be8 (35... Be6 $142 36. Kc2 Bxd5 37. exd5 f5) 36. Bb3 ({White should try} 36. Rc4 $16) 36... Bd7 (36... Bf7 $14 37. Bd5 h5) 37. Ke3 (37. e5 $16 {aiming for exf6+.} fxe5 38. Rd5) 37... Rb6 (37... Be6 $1 $14 38. Bxe6 Kxe6) 38. Rd1 Ra6 39. Rc1 ({Better is} 39. Bd5) 39... Ra7 (39... Be6 $142 40. Bd5 Bxd5 41. exd5 Ra2) 40. Kd4 $16 Kd6 41. Rf1 Ke7 42. e5 fxe5+ 43. Kxe5 Be8 (43... Ra5+ $16 {was worth a try.} 44. Kd4 Be6 45. Bxe6 Kxe6) 44. e4 $18 Ra5+ 45. Bd5 Rc5 46. Rf2 Rc1 47. b3 h5 48. Ra2 Rc7 49. Ra6 Rc2 $2 (49... Bf7 50. Rb6 g4) 50. Ra7+ $18 Kf8 51. Kd6 Rxh2 52. Ra8 h4 53. gxh4 Rxh4 54. e5 Rh7 55. e6 g4 56. Ra1 (56. Bc6 $142 Rh6 57. Rxe8+ Kg7 58. Rb8 g3 59. Rxb4 Rf6 60. Rg4+ Kh6 61. Rxg3) 56... Rh5 57. Be4 g3 58. Ra8 Rh8 59. Bc6 Kg7 60. Bxe8 g2 $2 (60... Rxe8 $18 61. Rxe8 g2 62. Rg8+ (62. Re7+ Kh6 $11) 62... Kxg8) 61. Ra7+ Kf8 62. Ra1 Rh1 63. Bc6 Rxa1 64. e7+ ({Stronger than} 64. Bxg2 Rd1+ 65. Kc5 Rg1 $11) 64... Kg7 65. Bxg2 ({And not} 65. e8=Q Rd1+ 66. Bd5 g1=Q $11) 65... Re1 66. Bc6 $1 Kf7 67. e8=Q+ Rxe8 68. Bxe8+ Kxe8 69. Kc5 Kd7 70. Kxb4 Kc6 {[%emt 0:00:25] [#]} 71. Ka5 $1 Kb7 72. Kb5 Kc7 {[%emt 0:00:07] [#]} 73. Ka6 $1 Kc6 74. b4 Kc7 75. b5 Kb8 76. Kb6 1-0

[Event "7th Sharjah Masters 2024"]
[Site "Sharjah"]
[Date "2024.05.21"]
[Round "8.26"]
[White "Idani, Pouya"]
[Black "Royal, Shreyas"]
[Result "1-0"]
[ECO "C78"]
[WhiteElo "2605"]
[BlackElo "2464"]
[Annotator "TA"]
[PlyCount "107"]
[EventDate "2024.05.13"]
[EventType "swiss"]
[EventCountry "UAE"]
[SourceTitle "playchess.com"]
[Source "ChessBase"]
[SourceQuality "1"]
[TimeControl "5400+30"]

1. e4 e5 2. Nf3 Nc6 3. Bb5 a6 4. Ba4 Nf6 5. O-O b5 6. Bb3 Bc5 7. d3 d6 8. c3 h6 9. Be3 {[%emt 0:00:31] C78: Ruy Lopez: Archangelsk and Möller Defences.} O-O 10. Nbd2 Re8 11. Bxc5 $1 $146 {[%emt 0:03:32][%mdl 8] A relevant novelty.} ({Predecessor:} 11. h3 Bd7 12. d4 Bb6 13. Bc2 a5 14. Re1 a4 15. d5 Ne7 16. Bxb6 cxb6 17. Bd3 {1-0 Hou,Y (2650)-Lagno,K (2547) Speed Chess (Women) blitz 2022 (4.15)}) 11... dxc5 12. Qe2 Qd6 13. Rfd1 Be6 14. Bxe6 Rxe6 15. a4 Ree8 16. Nf1 g6 17. Ne3 Qe6 18. Qc2 Rad8 19. Nd2 Nb8 20. axb5 axb5 21. Nb3 Nbd7 22. c4 Rb8 23. Ra5 bxc4 24. Nxc4 Qc6 25. Ra7 Qb5 ({Better is} 25... Ra8 $14 26. Rda1 Reb8) 26. Nbd2 $16 Ra8 27. Rxc7 Reb8 28. Nf3 Ne8 29. Na3 Rxa3 30. Rxd7 Rb3 31. Nxe5 Rxb2 {[%emt 0:00:05] [#]} 32. Qc4 $1 Qxc4 33. Nxc4 Rb1 34. Rf1 Ng7 35. Nd6 Ne6 (35... f6 $142 36. g3 Rxf1+ 37. Kxf1 Ne6) 36. g3 (36. Rxf7 Rxf1+ 37. Kxf1 Rd8 $19) 36... Rxf1+ 37. Kxf1 Rd8 (37... f6 $142 38. Ra7 Nd4) 38. Rxd8+ $18 Nxd8 39. Ke2 Kf8 40. e5 Ke7 41. Ne4 Ne6 42. f4 Nd4+ 43. Kd2 Nf3+ (43... Ne6 $142 44. Kc3 Kd7) 44. Kc3 $18 g5 45. Kc4 (45. Nxc5 gxf4 46. gxf4 Nxh2 $16) 45... gxf4 46. gxf4 (46. Kxc5 Nxe5 47. d4 (47. gxf4 Nxd3+ 48. Kd4 Nxf4 $15) 47... f5 $11) 46... Nxh2 47. Kxc5 Nf3 48. d4 h5 49. d5 h4 50. d6+ Kd7 51. Kd5 h3 52. f5 Ng5 53. Nc5+ ({Not} 53. Nxg5 h2 54. e6+ (54. Nxf7 h1=Q+ 55. Kd4 Qg1+ 56. Kd5 Qg2+ 57. Kc5 Qf2+ 58. Kd5 Qxf5 59. Nh8 Qh5 60. Ke4 Ke6 61. Ke3 Qxh8 62. Kd3 Qxe5 63. d7 Kxd7 64. Kd2 Kc6 65. Kd3 Kd5 66. Kc2 Qe3 67. Kd1 Kc4 68. Kc2 Qe2+ 69. Kc1 Kc3 70. Kb1 Qb2#) 54... fxe6+ 55. fxe6+ Ke8 56. d7+ Ke7 $11) 53... Kd8 54. Kc6 1-0

[Event "7th Sharjah Masters 2024"]
[Site "Sharjah"]
[Date "2024.05.21"]
[Round "8.27"]
[White "Kuybokarov, Temur"]
[Black "Adhiban, B.."]
[Result "1/2-1/2"]
[ECO "A13"]
[WhiteElo "2602"]
[BlackElo "2523"]
[Annotator "TA"]
[PlyCount "54"]
[EventDate "2024.05.13"]
[EventType "swiss"]
[EventCountry "UAE"]
[SourceTitle "playchess.com"]
[Source "ChessBase"]
[SourceQuality "1"]
[TimeControl "5400+30"]

1. c4 e6 2. Nf3 d5 3. g3 Nf6 4. Bg2 d4 5. O-O Nc6 6. d3 Bc5 7. Nbd2 O-O 8. Nb3 Be7 9. e3 dxe3 10. Bxe3 Ng4 11. Bc5 Bxc5 12. Nxc5 b6 13. Nb3 {[%emt 0:00:00][%cal Bc5b3,Bb3c1,Bc1e2][%mdl 32] [#] Ne1 would now be deadly.} Bb7 14. d4 Ne7 15. Qc2 {[%emt 0:00:00] Black must now prevent Ng5.} Nf6 {[%emt 0:00:39] The position is equal.} 16. Rad1 Bxf3 17. Bxf3 c6 18. Nc1 Qc7 19. Ne2 Rad8 20. Rd2 Rd7 21. Rfd1 Rfd8 22. Nc3 h6 23. Ne4 Nxe4 24. Bxe4 b5 25. b3 b4 26. Rd3 a5 27. Qe2 Qa7 {[%emt 0:03:15] An uneventful encounter.   Weighted Error Value: White=0.06 (flawless) /Black=0.03 (flawless) .  Inaccurate:     	White=1     	---        OK:         	White=10    	Black=12} 1/2-1/2

[Event "7th Sharjah Masters 2024"]
[Site "Sharjah"]
[Date "2024.05.21"]
[Round "8.28"]
[White "Jumabayev, Rinat"]
[Black "Iniyan, Pa"]
[Result "0-1"]
[ECO "D05"]
[WhiteElo "2597"]
[BlackElo "2497"]
[Annotator "RC"]
[PlyCount "70"]
[EventDate "2024.05.13"]
[EventType "swiss"]
[EventCountry "UAE"]
[SourceTitle "playchess.com"]
[Source "ChessBase"]
[SourceQuality "1"]
[TimeControl "5400+30"]

1. Nf3 d5 2. d4 Nf6 3. e3 c5 4. c3 e6 5. Bd3 Nc6 6. Nbd2 Bd6 7. O-O O-O 8. Re1 e5 9. e4 cxd4 10. cxd4 Bg4 11. exd5 Nxd4 12. Nc4 Re8 13. Bg5 Bxf3 14. gxf3 h6 15. Bh4 Rc8 16. Kg2 b5 17. Ne3 g5 18. Bg3 Bb4 19. Rg1 Nxd5 20. Nf5 Nxf5 21. Bxf5 Rc4 22. Qb3 Nf4+ 23. Bxf4 Rxf4 24. Be4 Qe7 25. Rac1 Kg7 26. Rc6 f5 27. Rgc1 Bd6 28. Bd5 e4 29. fxe4 fxe4 30. Qc3+ Be5 31. Qc5 Qxc5 32. R1xc5 Ref8 33. f3 Rxf3 34. Bxe4 Rf2+ 35. Kg1 Rf1+ 0-1

[Event "7th Sharjah Masters 2024"]
[Site "Sharjah"]
[Date "2024.05.21"]
[Round "8.29"]
[White "Siddharth, Jagadeesh"]
[Black "Esipenko, Andrey"]
[Result "1-0"]
[ECO "C02"]
[WhiteElo "2512"]
[BlackElo "2704"]
[Annotator "TA"]
[PlyCount "61"]
[EventDate "2024.05.13"]
[EventType "swiss"]
[EventCountry "UAE"]
[SourceTitle "playchess.com"]
[Source "ChessBase"]
[SourceQuality "1"]
[TimeControl "5400+30"]

1. e4 e6 2. d4 d5 3. e5 c5 4. c3 Nc6 5. Nf3 Bd7 6. Be2 f6 7. O-O fxe5 8. Nxe5 Nxe5 9. dxe5 Qc7 10. Re1 O-O-O 11. a4 ({Better is} 11. c4 $11) 11... Qxe5 12. Bf3 Qc7 {[%emt 0:00:36] The position is equal.} 13. Na3 a6 {[%emt 0:03:04] Dodges Nb5} 14. c4 Nf6 15. Nb5 {[%emt 0:05:49] Wards off Bd6} Qb8 16. b4 {[%emt 0:08:53][%cal Ob4c5] aiming for bxc5!} axb5 (16... e5 $1 $11 {remains equal.} 17. cxd5 e4 (17... axb5 18. axb5 e4 19. Bxe4 $11) 18. Bxe4 (18. bxc5 exf3 19. Qd4 Bc6 $17) 18... axb5 19. axb5 Re8 (19... cxb4 20. Qc2+ $18)) 17. axb5 $16 e5 {[%emt 0:02:12] [#]} (17... cxb4 18. cxd5 Bxb5 19. Qc2+ (19. Rxe6 Bd6 $18) 19... Kd7 20. dxe6+ Ke8 21. Bh5+ g6 (21... Nxh5 $2 22. Qf5 $18) 22. Qf5 $18) (17... dxc4 18. Qe2 Be8 (18... cxb4 $2 19. Qxc4+ $18) (18... Bxb5 $2 19. Qxe6+ Rd7 20. Qb6 $18) 19. bxc5 $18 (19. Qxc4 Rd4 $18) (19. Qxe6+ Rd7 $18)) (17... h5 $1 $11) 18. b6 $1 ({Much weaker is} 18. Bxd5 $6 Nxd5 19. cxd5 (19. Qxd5 $2 Bxb5 20. Qf3 Bc6 $19) 19... b6 $11 (19... Bxb5 $2 20. bxc5 Bxc5 21. Ra5 $18)) 18... Re8 ({But not} 18... e4 $2 19. Bf4 Qxf4 20. Ra8+ $18) 19. Bg5 $2 {[%emt 0:13:00] White is more active.} (19. Bxd5 $16 {Threatens to win with Ra7.} Nxd5 20. cxd5) 19... cxb4 $2 (19... e4 $11 {and Black stays safe.}) 20. Bxf6 (20. Bxd5 Bc5 21. Be3 Bxe3 22. fxe3 (22. Rxe3 Nxd5 23. cxd5 Kd8 $17) 22... Nxd5 23. cxd5 Rhf8 24. Rc1+ Kd8 $17) 20... gxf6 21. Qxd5 {[%emt 0:35:21] Black must now prevent Red1.} f5 $2 (21... e4) 22. Red1 $18 ({Weaker is} 22. c5 e4 $14) 22... Be6 23. Qb5 Rd8 24. c5 {[%emt 0:04:30][%cal Bc4c5,Bc5c6,Bc6c7][%mdl 32] Threatening mate with c6.} Rxd1+ 25. Rxd1 Bg7 26. c6 {[%emt 0:01:12] White mates.} e4 27. c7 Qa8 28. Bh5 Bf6 {[%emt 0:03:32] [#]} 29. Bf7 $1 Qa2 30. Bxe6+ Qxe6 31. Qa5 {[%emt 0:00:07] Weighted Error Value: White=0.20 (precise) /Black=0.86.  Loses game:     	---       	Black=1      Mistake:       	White=2     	Black=3      Inaccurate:     	White=1     	Black=2      OK:         	White=5     	Black=4      Best:        	White=1     	---        Strong:       	White=1     	---} 1-0

[Event "7th Sharjah Masters 2024"]
[Site "Sharjah"]
[Date "2024.05.21"]
[Round "8.30"]
[White "Cardoso Cardoso, Jose Gabriel"]
[Black "Sjugirov, Sanan"]
[Result "1/2-1/2"]
[ECO "B12"]
[WhiteElo "2497"]
[BlackElo "2692"]
[Annotator "TA"]
[PlyCount "20"]
[EventDate "2024.05.13"]
[EventType "swiss"]
[EventCountry "UAE"]
[SourceTitle "playchess.com"]
[Source "ChessBase"]
[SourceQuality "1"]
[TimeControl "5400+30"]

1. e4 c6 2. d4 d5 3. e5 Bf5 4. h4 h5 5. c4 e6 6. Nc3 Nd7 7. cxd5 cxd5 8. Bd3 Bxd3 9. Qxd3 Ne7 10. Nf3 g6 {[%emt 0:10:08] Black got outplayed after the opening.   Weighted Error Value: White=0.16 (very precise) /Black=0.10 (very precise) .  Mistake:       	---       	Black=1      OK:         	---       	Black=1} (10... Nb6 $11 {keeps the balance.}) 1/2-1/2

[Event "7th Sharjah Masters 2024"]
[Site "Sharjah"]
[Date "2024.05.21"]
[Round "8.31"]
[White "Yilmaz, Mustafa"]
[Black "Yilmazyerli, Mert"]
[Result "1/2-1/2"]
[ECO "A18"]
[WhiteElo "2641"]
[BlackElo "2522"]
[Annotator "TA"]
[PlyCount "71"]
[EventDate "2024.05.13"]
[EventType "swiss"]
[EventCountry "UAE"]
[SourceTitle "playchess.com"]
[Source "ChessBase"]
[SourceQuality "1"]
[TimeControl "5400+30"]

1. c4 Nf6 2. Nc3 e6 3. e4 d5 4. cxd5 exd5 5. e5 d4 6. exf6 dxc3 7. Bb5+ Nc6 8. Qe2+ Be6 9. dxc3 {[%emt 0:00:30] White is slightly better.} Qxf6 10. Nf3 Bd6 11. Nd4 O-O 12. Nxe6 Rfe8 {[%emt 0:00:30] [#]} 13. Bc4 $1 Na5 $1 14. Bg5 Qg6 {[%emt 0:00:30][%cal Oa5c4] aiming for ...Nxc4!} 15. Bd3 Qxe6 16. Qxe6 Rxe6+ 17. Kd2 Nc6 18. Kc2 Bc5 19. f3 Be7 20. Bd2 Rd8 {[%emt 0:00:30] [#] White must now prevent ...Red6.} 21. Rad1 Ne5 22. Bf5 Red6 23. Bf4 {[%emt 0:00:30] A strong pair of Bishops.} Rxd1 24. Rxd1 Rxd1 25. Kxd1 $14 {[%emt 0:00:30][%mdl 4096] Endgame. KBB-KBN} Bd6 26. Bc1 h5 27. Ke2 g6 28. Bc8 b6 $1 29. f4 Nc6 30. Kd3 Ne7 31. Bd7 Nd5 32. g3 h4 33. Bd2 Nf6 34. Bh3 (34. Bc6 $142) 34... hxg3 35. hxg3 Nh5 $1 36. f5 {[%emt 0:00:30] Weighted Error Value: White=0.06 (flawless) /Black=0.03 (flawless) .  Mistake:       	White=1     	---        OK:         	White=13    	Black=14     Best:        	---       	Black=2      Strong:       	---       	Black=3} 1/2-1/2

[Event "7th Sharjah Masters 2024"]
[Site "Sharjah"]
[Date "2024.05.21"]
[Round "8.32"]
[White "Ivanchuk, Vasyl"]
[Black "Mchedlishvili, Mikheil"]
[Result "1/2-1/2"]
[ECO "C20"]
[WhiteElo "2609"]
[BlackElo "2569"]
[Annotator "TA"]
[PlyCount "40"]
[EventDate "2024.05.13"]
[EventType "swiss"]
[EventCountry "UAE"]
[SourceTitle "playchess.com"]
[Source "ChessBase"]
[SourceQuality "1"]
[TimeControl "5400+30"]

1. e4 e5 2. Ne2 Nf6 3. d4 Nxe4 4. f3 Nd6 5. dxe5 Nf5 6. Nbc3 d6 7. exd6 Bxd6 8. Bf4 {[%emt 0:01:46] White has an edge.} O-O 9. Bxd6 Nxd6 10. Qd2 Qh4+ 11. g3 Qb4 12. b3 a5 13. Rd1 Re8 14. Nd5 Qc5 {[%emt 0:02:00] [#]} 15. Nxc7 Qxc7 $11 16. Qxd6 Qxc2 17. Rd2 Qc6 (17... Ra6 $11 18. Qd4 (18. Qxb8 $2 {too greedy.} Qc1+ 19. Rd1 Qc3+ 20. Rd2 Rf6 $19) 18... Qc7) 18. Bg2 Qxd6 {[%emt 0:12:15] The position is equal.} 19. Rxd6 Nc6 20. Kf2 a4 {[%emt 0:00:29] A rather calm draw.   Weighted Error Value: White=0.09 (flawless) /Black=0.09 (flawless) .  Mistake:       	White=1     	Black=1      Inaccurate:     	White=1     	---        OK:         	White=5     	Black=9      Best:        	White=1     	---} 1/2-1/2

[Event "7th Sharjah Masters 2024"]
[Site "Sharjah"]
[Date "2024.05.21"]
[Round "8.33"]
[White "Moroni, Luca Jr"]
[Black "Nesterov, Arseniy"]
[Result "0-1"]
[ECO "A13"]
[WhiteElo "2581"]
[BlackElo "2590"]
[Annotator "TA"]
[PlyCount "122"]
[EventDate "2024.05.13"]
[EventType "swiss"]
[EventCountry "UAE"]
[SourceTitle "playchess.com"]
[Source "ChessBase"]
[SourceQuality "1"]
[TimeControl "5400+30"]

1. Nf3 d5 2. g3 Nf6 3. Bg2 e6 4. O-O c5 5. c4 d4 6. e3 Nc6 {[%emt 0:00:06] A13: English Opening: 1...e6.} 7. d3 h6 8. exd4 cxd4 9. Bf4 Bd6 {[%emt 0:00:05] 9...Nd7 is the modern continuation.} 10. Bxd6 Qxd6 11. Nbd2 O-O 12. Re1 Rd8 13. a3 a5 14. Rc1 a4 $146 ({Predecessor:} 14... Rb8 15. c5 Qe7 16. Qa4 Rd5 17. b4 Bd7 18. b5 Na7 19. Qxa5 Nxb5 20. Ne5 Be8 21. Bxd5 Nxd5 {1-0 Blohberger,F (2488)-Diermair,A (2457) Vienna 2023 (9)}) 15. Ne4 Nxe4 16. Rxe4 b6 17. Re1 Bb7 18. Nd2 Qe7 19. f4 Nb8 20. Re5 Bxg2 21. Kxg2 Nd7 22. Rb5 Nc5 23. Qf3 Qc7 24. Re1 Ra5 25. Rxa5 bxa5 26. Ne4 Nd7 27. g4 Rb8 28. Re2 Rb3 29. Nf2 Nc5 30. f5 e5 31. Rd2 Qb7 $1 32. Qxb7 Rxb7 33. Re2 f6 34. h4 Rb3 35. Rd2 Kf7 36. h5 (36. Kf1 $17) 36... Ke7 $19 37. Kf3 e4+ $1 38. Nxe4 Nxd3 (38... Rxd3+ 39. Rxd3 Nxd3 40. Nd2 $11) 39. Ke2 Ne5 $1 (39... Nxb2 $2 40. Rxd4 Rxa3 41. c5 $18) 40. Rxd4 Rxb2+ (40... Nxg4 41. Nd2 Re3+ 42. Kd1 Nf2+ 43. Kc2 $11) 41. Kd1 Rb3 (41... Nxg4 42. Nd6 Rg2 43. Nc8+ Ke8 44. Ke1) 42. Kc2 Rxa3 (42... Nxg4 $6 43. c5 Ne3+ (43... Rxa3 $2 44. c6 $18) 44. Kd2 Nxf5 (44... Rxa3 $2 45. c6 $18) 45. Rxa4 $15) 43. c5 $2 (43. Nc3 $17 {was worth a try.}) 43... Nc6 $19 (43... Nxg4 $2 {perishes.} 44. c6 Ne3+ 45. Kd2 Nxf5 46. c7 Nxd4 (46... Ra2+ $2 47. Kd3 $18) 47. c8=Q (47. c8=B $2 Rf3 $19) 47... Nf3+ 48. Kc1 Ra1+ 49. Kb2 $18) 44. Rd6 Nb4+ 45. Kd2 Ra2+ 46. Kd1 Ra1+ 47. Kd2 a3 48. c6 Nxc6 $1 49. Rxc6 {[%emt 0:00:05] [#]} a2 $1 50. Nc3 Rd1+ 51. Nxd1 $2 (51. Kxd1 {was the crucial defense.} a1=Q+ (51... a1=B $2 {loses.} 52. Nd5+ Kd7 53. Ra6 $18) 52. Kc2) 51... a1=Q $19 (51... a1=B $2 {is the wrong capture.} 52. Nf2 $18) 52. Rc7+ Kf8 53. Rc8+ {[%emt 0:00:18] [#]} Kf7 $1 54. Rc7+ Kg8 55. Rc8+ Kh7 56. Rc4 Qa2+ 57. Kd3 Qb1+ 58. Kd2 Qb3 59. Rd4 a4 60. Nc3 a3 61. Ra4 (61. Re4 $19) 61... Qxa4 0-1

[Event "7th Sharjah Masters 2024"]
[Site "Sharjah"]
[Date "2024.05.21"]
[Round "8.34"]
[White "Gavrilescu, David"]
[Black "Sethuraman, S.P."]
[Result "1/2-1/2"]
[ECO "C45"]
[WhiteElo "2540"]
[BlackElo "2593"]
[Annotator "TA"]
[PlyCount "31"]
[EventDate "2024.05.13"]
[EventType "swiss"]
[EventCountry "UAE"]
[SourceTitle "playchess.com"]
[Source "ChessBase"]
[SourceQuality "1"]
[TimeControl "5400+30"]

1. e4 e5 2. Nf3 Nc6 3. d4 exd4 4. Nxd4 Bc5 5. Nb3 Bb6 6. Nc3 d6 7. Qe2 a5 8. Be3 {[%emt 0:00:25] White wants to play Bxb6.} a4 {[%emt 0:00:19] [#] ...Bxe3 is the strong threat.} 9. Bxb6 axb3 {[%emt 0:00:05] White has an edge.} 10. Be3 bxa2 11. Rxa2 Rxa2 12. Nxa2 Nf6 13. Nc3 O-O 14. Qd2 Re8 15. Bd3 Nb4 16. O-O {[%emt 0:01:31] An uneventful encounter.   Weighted Error Value: White=0.03 (flawless) /Black=0.05 (flawless) .  OK:         	White=5     	Black=5      Best:        	White=1     	---} 1/2-1/2

[Event "7th Sharjah Masters 2024"]
[Site "Sharjah"]
[Date "2024.05.21"]
[Round "8.35"]
[White "Assaubayeva, Bibisara"]
[Black "Vakhidov, Jakhongir"]
[Result "1-0"]
[ECO "A58"]
[WhiteElo "2481"]
[BlackElo "2599"]
[Annotator "RC"]
[PlyCount "53"]
[EventDate "2024.05.13"]
[EventType "swiss"]
[EventCountry "UAE"]
[SourceTitle "playchess.com"]
[Source "ChessBase"]
[SourceQuality "1"]
[TimeControl "5400+30"]

1. d4 Nf6 2. c4 c5 3. d5 b5 4. cxb5 a6 5. bxa6 e6 6. Nc3 exd5 7. Nxd5 Be7 8. e3 Nxa6 9. Nxe7 Qxe7 10. Nf3 O-O 11. Be2 d5 12. O-O Nb4 13. Bd2 Nxa2 14. Qb1 Qa7 15. Bd1 c4 16. Bc2 Bd7 17. Ne5 Bb5 18. Bc3 Rfb8 19. Qd1 Qb7 20. Ng4 Ne8 21. Rxa2 Rxa2 22. Nh6+ Kh8 23. Qh5 f5 24. Bxf5 Nf6 25. Bxf6 gxf6 26. Nf7+ Kg7 27. Nd6 1-0

[Event "7th Sharjah Masters 2024"]
[Site "Sharjah"]
[Date "2024.05.21"]
[Round "8.36"]
[White "Raja Rithvik R"]
[Black "Aditya Mittal"]
[Result "1-0"]
[ECO "D35"]
[WhiteElo "2524"]
[BlackElo "2608"]
[Annotator "RC"]
[PlyCount "195"]
[EventDate "2024.05.13"]
[EventType "swiss"]
[EventCountry "UAE"]
[SourceTitle "playchess.com"]
[Source "ChessBase"]
[SourceQuality "1"]
[TimeControl "5400+30"]

1. d4 Nf6 2. c4 e6 3. Nf3 d5 4. Nc3 Nbd7 5. Bf4 Bb4 6. cxd5 exd5 7. e3 Ne4 8. Qc2 g5 9. Be5 Rg8 10. Bd3 Bxc3+ 11. bxc3 g4 12. Bxe4 dxe4 13. Qxe4 Qe7 14. Nd2 Nxe5 15. dxe5 Rg6 16. O-O Bd7 17. Qxb7 Bc6 18. Qb4 Qxe5 19. Qd4 Qg5 20. Ne4 Qd5 21. Qxd5 Bxd5 22. Ng3 Ra6 23. a4 Rb8 24. Rfd1 Be6 25. Rd4 c5 26. Rf4 Rab6 27. Kf1 Rb2 28. Ke1 Rc2 29. Ne4 c4 30. Nd6+ Ke7 31. Nb5 Rb7 32. Kd1 Rb2 33. Nd4 h5 34. Kc1 a6 35. a5 h4 36. Nc6+ Kd6 37. Nb4 Rb3 38. Kc2 Ke5 39. Rd4 Bf5+ 40. Kd2 Rb2+ 41. Ke1 g3 42. hxg3 hxg3 43. fxg3 Rxg2 44. Rad1 Be4 45. Rd7 Rxg3 46. Rxb7 Bxb7 47. Rd7 Bc8 48. Rxf7 Rxe3+ 49. Kd2 Rh3 50. Rc7 Rh2+ 51. Kc1 Be6 52. Rc5+ Ke4 53. Rc6 Bf5 54. Rxa6 Rh1+ 55. Kb2 Rh2+ 56. Ka3 Rh3 57. Na2 Kd5 58. Rb6 Kc5 59. Rb8 Be4 60. a6 Rh6 61. Nb4 Rh3 62. Kb2 Rh2+ 63. Kc1 Rh1+ 64. Kd2 Ra1 65. Ke3 Re1+ 66. Kd2 Ra1 67. Rc8+ Kb5 68. Ke3 Bh1 69. Rb8+ Kc5 70. Rh8 Bg2 71. Rh5+ Kb6 72. Kd4 Rd1+ 73. Kxc4 Bf1+ 74. Kb3 Rd6 75. c4 Rg6 76. Rb5+ Ka7 77. Rb7+ Ka8 78. Rc7 Kb8 79. Rc5 Rg4 80. Nc6+ Ka8 81. Ne5 Re4 82. Kb4 Re1 83. Ka5 Ra1+ 84. Kb6 Rb1+ 85. Rb5 Ra1 86. Kc7 Bg2 87. Nd7 Rc1 88. Rb4 Ka7 89. Nb6 Bh3 90. Na4 Bg2 91. Nc5 Bf1 92. Rb7+ Ka8 93. Kb6 Bxc4 94. Nd7 Rb1+ 95. Kc7 Bd3 96. Nb6+ Rxb6 97. Kxb6 Bxa6 98. Ra7+ 1-0

[Event "7th Sharjah Masters 2024"]
[Site "Sharjah"]
[Date "2024.05.21"]
[Round "8.37"]
[White "Seemann, Jakub"]
[Black "Gupta, Abhijeet"]
[Result "0-1"]
[ECO "B90"]
[WhiteElo "2475"]
[BlackElo "2604"]
[Annotator "RC"]
[PlyCount "76"]
[EventDate "2024.05.13"]
[EventType "swiss"]
[EventCountry "UAE"]
[SourceTitle "playchess.com"]
[Source "ChessBase"]
[SourceQuality "1"]
[TimeControl "5400+30"]

1. e4 c5 2. Nf3 d6 3. d4 cxd4 4. Nxd4 Nf6 5. Nc3 a6 6. h3 e5 7. Nde2 h5 8. Bg5 Be6 9. Bxf6 Qxf6 10. Nd5 Qd8 11. Qd3 Nd7 12. Nec3 Rc8 13. O-O-O g6 14. h4 Nf6 15. Kb1 Rc5 16. f4 Nxd5 17. Nxd5 Bg7 18. f5 Rxd5 19. exd5 Bxf5 20. Qe3 O-O 21. Bd3 Bd7 22. c3 b5 23. Qa7 Bc8 24. Rd2 f5 25. Bc2 e4 26. Rf2 Qe8 27. Qe3 Kh7 28. g4 hxg4 29. h5 g5 30. h6 Bf6 31. Rhf1 f4 32. Bxe4+ Kh8 33. Qd3 g3 34. Rc2 Bd7 35. Bf5 Be5 36. Bxd7 Qxd7 37. Rg2 Rf6 38. c4 Qh7 0-1